 Dungeon Crawl Stone Soup version 0.17.0-24-gcfadda4 (webtiles) character file.

602 ololoev the Firebug (level 7, -11/41 HPs)
             Began as an Octopode Fire Elementalist on Nov 16, 2015.
             Mangled by an iguana (14 damage)
             ... on level 6 of the Dungeon.
             The game lasted 00:11:13 (4485 turns).

ololoev the Firebug (Octopode Fire Elementalist)    Turns: 4485, Time: 00:11:13

Health: -11/41     AC:  1    Str:  7    XL:     7   Next: 41%
Magic:  1/12       EV: 13    Int: 19    God:
Gold:   305        SH:  0    Dex: 13    Spells: 3 memorised, 5 levels left

rFire  . . .     SeeInvis .     n - +1 whip (venom)
rCold  + . .     Clarity  .     (no shield)
rNeg   . . .     SustAt   +     (helmet restricted)
rPois  .         Gourm    .     (no amulet)
rElec  .         Spirit   .     c - ring of protection from cold
rCorr  .         Warding  .     r - ring of sustain attributes
rMut   .         Stasis   .     (no ring)
MR     .....                    (no ring)
Stlth  ++++......               (no ring)
                                (no ring)
                                (no ring)
                                (no ring)

@: flying, very slightly contaminated, not resistant to hostile enchantments,
stealthy
A: almost no armour, amphibious, 8 rings, constrict 8, camouflage 1, gelatinous
body 1
a: no special abilities


Innate Abilities, Weirdness & Mutations

You cannot wear most types of armour.
You are amphibious.
You can wear up to eight rings at the same time.
You can use your tentacles to constrict eight enemies at once.
Your skin changes colour to match your surroundings (Stealth).
Your rubbery body absorbs attacks (AC +1).

Inventory:

Hand Weapons
 n - a +1 whip of venom (weapon)
Missiles
 m - 7 curare-tipped needles
Armour
 p - a +0 shield
Jewellery
 c - a ring of protection from cold (left tentacle)
 r - a ring of sustain attributes (right tentacle)
Scrolls
 d - 7 scrolls of identify {unknown}
 e - a scroll of magic mapping {unknown}
 f - 4 scrolls of teleportation {unknown}
 h - 2 scrolls of noise {unknown}
 j - 2 scrolls of remove curse {unknown}
 l - 2 scrolls of blinking {unknown}
 o - a scroll of fear {unknown}
 s - a scroll of enchant armour {unknown}
Potions
 g - 2 potions of poison {unknown}
 i - 3 potions of flight
 k - 2 potions of might {unknown}
 q - 2 potions of heal wounds {unknown}
Books
 a - a book of Flames

   Spells                             Type                      Level
   a - Flame Tongue                   Conjuration/Fire             1
   b - Throw Flame                    Conjuration/Fire             2
   c - Conjure Flame                  Conjuration/Fire             3
   d - Inner Flame                    Hexes/Fire                   3
   e - Sticky Flame                   Conjuration/Fire             4
   f - Fireball                       Conjuration/Fire             5
Comestibles
 b - 4 bread rations


   Skills:
 - Level 3.3 Dodging
 - Level 4.0 Stealth
 + Level 3.8 Spellcasting
 * Level 4.6 Conjurations
 * Level 4.6 Fire Magic


You had 5 spell levels left.
You knew the following spells:

 Your Spells              Type           Power        Failure   Level  Hunger
a - Flame Tongue          Conj/Fire      ###..        1%          1    None
b - Conjure Flame         Conj/Fire      ###.....     8%          3    ###....
c - Sticky Flame          Conj/Fire      ###.....     21%         4    ####...


You were on level 6 of the Dungeon.
You were not hungry.

You visited 2 branches of the dungeon, and saw 7 of its levels.

You collected 305 gold pieces.

... #†#####
#.§...#
.......###.#
#...##+###'####
#........<....#
# #...........#
#...........###
#.....<..@.#g.#
##.#######l#..#
# ###.#..#
#...g..#
#.#.#..#
#.#.#.## .
..#.. .###.####
#. ..#

Notes
Turn   | Place    | Note
--------------------------------------------------------------
     0 | D:1      | ololoev the Octopode Fire Elementalist began the quest for the Orb.
     0 | D:1      | Reached XP level 1. HP: 11/11 MP: 3/3
   315 | D:1      | Reached XP level 2. HP: 17/17 MP: 5/5
   667 | D:1      | Reached XP level 3. HP: 21/21 MP: 6/6
   706 | D:1      | Learned a level 3 spell: Conjure Flame
  1037 | D:2      | Noticed Sigmund
  1085 | D:2      | Found a white marble altar of Elyvilon.
  1102 | D:2      | Found a faded altar to an unknown god.
  1547 | D:2      | Noticed Crazy Yiuf
  1705 | D:3      | Reached XP level 4. HP: 27/27 MP: 5/7
  1854 | D:3      | Found a shadowy altar of Dithmenos.
  2005 | D:3      | Reached skill level 4 in Stealth
  2005 | D:3      | Reached XP level 5. HP: 16/31 MP: 5/8
  2296 | D:3      | Learned a level 4 spell: Sticky Flame
  2688 | D:4      | HP: 1/31 [jackal (1)]
  3094 | D:4      | Reached XP level 6. HP: 34/36 MP: 10/10
  3307 | D:4      | Found a staircase to the Ecumenical Temple.
  3422 | Temple   | Entered the Ecumenical Temple
  3688 | D:5      | Entered Level 5 of the Dungeon
  4124 | D:5      | Found a sparkling altar of Nemelex Xobeh.
  4341 | D:5      | Reached XP level 7. HP: 41/41 MP: 6/12
  4474 | D:6      | HP: 2/41 [iguana (5)]
  4485 | D:6      | Mangled by an iguana

Dungeon Overview and Level Annotations

Branches:
Dungeon (6/15)             Temple (1/1) D:4

Altars:
Cheibriados
Dithmenos
Elyvilon
Fedhas
Gozag
Kikubaaqudgha
Nemelex Xobeh
Qazlal
Ru
Trog
Xom
Yredelemnul
Zin
The Shining One

Annotations:
D:2 Crazy Yiuf, Sigmund


Message History

Press: ? - help, Shift-Dir - straight line, f/p - giant frog
Aim: a giant frog (severely wounded)
The flame tongue hits the giant frog.
The giant frog is almost dead.
Casting: Flame Tongue
Confirm with . or Enter, or press ? or * to list all spells.
Aiming: Flame Tongue
Press: ? - help, Shift-Dir - straight line, f/p - giant frog
Aim: a giant frog (almost dead)
The flame tongue misses the giant cockroach.
The flame tongue hits the giant frog.
You kill the giant frog!
The giant cockroach is engulfed in roaring flames.
You kill the giant cockroach!
Casting: Flame Tongue
Confirm with . or Enter, or press ? or * to list all spells.
Aiming: Flame Tongue
Press: ? - help, Shift-Dir - straight line, f - gnoll
Aim: a gnoll, wielding a spear You miscast Flame Tongue.
You are very lightly contaminated with residual magic.
Wisps of smoke drift from your tentacles.
The iguana bites you!
There is an open door here.
You barely miss the iguana. Your grab misses the iguana. The iguana bites you.
You hit the iguana.
The iguana is poisoned.
Your grab misses the iguana. You squeeze the iguana.
The iguana is heavily wounded.
The iguana bites you. The iguana bites you!
Casting: Flame Tongue
Confirm with . or Enter, or press ? or * to list all spells.
Aiming: Flame Tongue
Press: ? - help, Shift-Dir - straight line, f - iguana
Aim: an iguana (heavily wounded, poisoned)
The flame tongue misses the iguana.
The iguana bites you.
Drink which item? (? for menu, Esc to quit)
It was a potion of flight.
You feel very buoyant.
You fly up into the air.
The iguana bites you!
You die...

You could see an iguana and a gnoll.

Vanquished Creatures
  An ogre (D:5)
  A giant frog (D:6)
  A crimson imp (D:5)
  A centaur zombie (D:5)
  A jelly (D:5)
  An orc priest (D:3)
  A hound (D:4)
  2 worker ants (D:5)
  2 orc wizards
  2 gnolls (D:6)
  A shadow imp (D:5)
  8 adders
  An ooze (D:1)
  An adder skeleton (D:4)
  An adder zombie (D:5)
  2 worms
  7 giant geckos
  4 orcs (D:3)
  4 giant cockroaches
  9 hobgoblins
  7 jackals (D:4)
  A quokka (D:3)
  3 ball pythons
  9 bats
  4 giant newts
  5 goblins
  8 kobolds
  A quokka skeleton (D:5)
  10 rats
99 creatures vanquished.

Vanquished Creatures (others)
  A rat (D:2)
1 creature vanquished.

Grand Total: 100 creatures vanquished

Action                   |  1- 3 |  4- 6 |  7- 9 || total
-------------------------+-------+-------+-------++-------
Melee: Dagger            |    55 |     3 |       ||    58
       Unarmed           |     1 |       |       ||     1
       Whip              |       |    94 |     2 ||    96
 Cast: Flame Tongue      |    16 |    37 |    15 ||    68
       Conjure Flame     |       |     4 |     1 ||     5
  Use: Potion            |       |       |     1 ||     1
 Stab: Sleeping          |    14 |    11 |       ||    25
  Eat: Chunk             |     3 |     5 |       ||     8
       Bread ration      |       |     1 |       ||     1

Vault maps used:
D:1:      grunt_arrival_crossed_arrows
D:2:      elyvilon_altar_4, first_bread, ecumenical_altar_1, uniq_sigmund,
          uniq_crazy_yiuf_cottage
D:3:      nicolae_dithmenos_through_a_glass_darkly
D:4:      temple_hall
D:5:      kennysheep_big_flooded_room, nemelex_diamond_rough_becter
D:6:      overflow_temple_1_default
Temple:   circular_temple_12
